 Dungeon Crawl Stone Soup version 0.20-a0-544-g2b9a704 (webtiles) character file.

19609 Dfrag the Destroyer (level 12, -1/59 HPs)
             Began as a Gargoyle Conjurer on Feb 1, 2017.
             Was a Priest of Vehumet.
             Engulfed by a cloud of freezing vapour (13 damage)
             ... in an ice cave.
             The game lasted 00:34:54 (13639 turns).

Dfrag the Destroyer (Gargoyle Conjurer)            Turns: 13639, Time: 00:34:54

Health: -1/59      AC: 19    Str: 11    XL:     12   Next: 70%
Magic:  14/28      EV: 14    Int: 24    God:    Vehumet [***...]
Gold:   1105       SH:  4    Dex: 10    Spells: 13/35 levels left

rFire    + . .     SeeInvis .   L - staff of conjuration
rCold    . . .     Gourm    .   E - +1 leather armour {rF+}
rNeg     + . .     Faith    .   (no shield)
rPois    ∞         Spirit   .   (helmet restricted)
rElec    +         Reflect  .   M - +2 cloak
rCorr    .         Harm     .   K - +0 pair of gloves
MR       .....     Clarity  +   W - +0 pair of boots
Stlth    ++++......             V - amulet of magic regeneration
Regen    0.2/turn               T - +3 ring of evasion
                                Z - +3 ring of protection

@: no status effects
A: hooves 1, horns 2, large bone plates 1, blurry vision 1, clarity, clever 1,
deformed body, negative energy resistance 1, electricity resistance, wild magic
1, unbreathing, petrification resistance, rot immunity, AC +8
a: Renounce Religion


You were in an ice cave.
You worshipped Vehumet.
Vehumet was most pleased with you.
You were very hungry.

You visited 3 branches of the dungeon, and saw 14 of its levels.
You also visited: Ossuary and Ice Cave.

You collected 1105 gold pieces.

Inventory:

Armour
 y - the +2 ratskin cloak {rPois rN+ Int-1 Dex-1}
   (You found it on level 4 of the Dungeon)

   It affects your intelligence (-1).
   It affects your dexterity (-1).
   It protects you from poison.
   It protects you from negative energy.
 E - a +1 leather armour of fire resistance (worn)
 K - a +0 pair of gloves (worn)
 M - a +2 cloak (worn)
 W - a +0 pair of boots (worn)
Magical Staves
 L - an uncursed staff of conjuration (weapon)
Jewellery
 o - an uncursed ring of wizardry
 N - an uncursed amulet of faith
 Q - an uncursed ring of stealth
 T - a +3 ring of evasion (right hand)
 V - an amulet of magic regeneration (around neck)
 Z - a +3 ring of protection (left hand)
Wands
 h - a wand of flame (39/48)
 v - a wand of paralysis (10/24)
 P - a wand of lightning (5/15)
Scrolls
 d - 4 scrolls of remove curse
 e - 4 scrolls of amnesia
 f - 3 scrolls of enchant armour
 j - 5 scrolls of enchant weapon
 k - 7 scrolls of teleportation
 l - 2 scrolls of random uselessness {unknown}
 m - 6 scrolls of fog
 s - a scroll of acquirement {unknown}
 G - 2 scrolls of recharging {unknown}
 I - a scroll of fear {unknown}
 O - 2 scrolls of magic mapping {unknown}
 R - a scroll of silence {unknown}
 Y - a scroll of blinking {unknown}
Potions
 g - 4 potions of brilliance {unknown}
 i - 2 potions of degeneration {unknown}
 n - 3 potions of flight {unknown}
 q - 4 potions of haste {unknown}
 r - 5 potions of curing {unknown}
 u - 8 potions of heal wounds {unknown}
 w - 2 potions of lignification {unknown}
 x - 2 potions of mutation {unknown}
 z - 2 potions of might {unknown}
 A - a potion of ambrosia {unknown}
 B - 2 potions of agility {unknown}
 D - 3 potions of invisibility {unknown}
 H - 2 potions of resistance
 J - a potion of magic {unknown}
 S - 2 potions of cancellation {unknown}
Books
 a - a book of Flames

   Spells                             Type                      Level
   a - Flame Tongue                   Conjuration/Fire             1
   b - Throw Flame                    Conjuration/Fire             2
   c - Conjure Flame                  Conjuration/Fire             3
   d - Inner Flame                    Hexes/Fire                   3
   e - Sticky Flame                   Conjuration/Fire             4
   f - Fireball                       Conjuration/Fire             5
 b - a book of Conjurations

   Spells                             Type                      Level
   a - Magic Dart                     Conjuration                  1
   b - Searing Ray                    Conjuration                  2
   c - Dazzling Spray                 Conjuration/Hexes            3
   d - Fulminant Prism                Conjuration/Hexes            4
   e - Iskenderun's Mystic Blast      Conjuration                  4
   f - Iskenderun's Battlesphere      Conjuration/Charms           5
 F - a book of Misfortune

   Spells                             Type                      Level
   a - Confusing Touch                Hexes                        1
   b - Confuse                        Hexes                        3
   c - Gell's Gravitas                Hexes/Translocation          3
   d - Petrify                        Transmutation/Earth          4
   e - Metabolic Englaciation         Hexes/Ice                    5
   f - Yara's Violent Unravelling     Hexes/Transmutation          5
 U - a book of Frost

   Spells                             Type                      Level
   a - Freeze                         Ice                          1
   b - Throw Frost                    Conjuration/Ice              2
   c - Ozocubu's Armour               Charms/Ice                   3
   d - Throw Icicle                   Conjuration/Ice              4
   e - Summon Ice Beast               Ice/Summoning                4
Comestibles
 c - 9 bread rations
 p - 7 meat rations
 t - 4 royal jellies
 C - 2 fruits


   Skills:
 - Level 1.5 Dodging
 + Level 11.3 Stealth
 - Level 12.0 Spellcasting
 + Level 14.3 Conjurations


You had 13 spell levels left.
You knew the following spells:

 Your Spells              Type           Power        Failure   Level  Hunger
a - Magic Dart            Conj           ####         1%          1    None
b - Searing Ray           Conj           ######       1%          2    None
c - Iskenderun's Battles  Conj/Chrm      #######.     4%          5    ###....
d - Sticky Flame          Conj/Fire      #######.     1%          4    None
e - Mephitic Cloud        Conj/Pois/Air  ######..     1%          3    None
f - Fireball              Conj/Fire      #######...   4%          5    ###....
g - Blink                 Tloc           N/A          14%         2    None


Dungeon Overview and Level Annotations

Branches:
Dungeon (12/15)            Temple (1/1) D:6            Lair (1/6) D:9
    Orc (0/2) D:9

Altars:
Ashenzari
Cheibriados
Elyvilon
Fedhas
Gozag
Hepliaklqana
Kikubaaqudgha
Makhleb
Nemelex Xobeh
Okawaru
Qazlal
Ru
Sif Muna
Trog
Uskayaw
Vehumet
Xom
Yredelemnul
Zin
The Shining One

Annotations:
IceCv exclusion: 2 ice statues


Innate Abilities, Weirdness & Mutations

You are resistant to torment.
Your stone body is resilient. (AC +8)
You are immune to poison.
You resist negative energy. (rN+)
You are resistant to electric shocks. (rElec)
You can survive without breathing.
You are immune to petrification.
You are immune to rotting.
You have large cloven feet.
You have a pair of horns on your head.
You are partially covered in large bone plates. (SH +4)
Scrolls take you a little longer to read.
You possess an exceptional clarity of mind.
Your mind is acute. (Int +2)
Armour fits poorly on your strangely shaped body.
Your spells are a little harder to cast, but a little more powerful.


Message History

Unknown command.
A white imp comes into view.
The white imp moves out of view.
Casting: Sticky Flame
Confirm with . or Enter, or press ? or * to list all spells.
Aiming: Sticky Flame
Press: ? - help, Shift-Dir - straight line, f - white imp
Aim: a white imp (hasn't noticed you)
You feel a surge of power!
The sticky flame hits the white imp.
The white imp is burned terribly!
You kill the white imp!
Vehumet accepts your kill.
You feel your power returning.
You are engulfed in freezing vapours.
You are engulfed in freezing vapours.
You are engulfed in freezing vapours.
You are engulfed in freezing vapours.
* * * LOW HITPOINT WARNING * * *
You are engulfed in freezing vapours.
You die...

#### ##.#§### ####
##..§.§§8 #### ##..##
#.....§§####..#####....##
#.....§§§##≈...##.......#
#....§.§§§@.#.......∩.∩.#
#....§§§§§###......=...#
#.......### ##..##....##
#......## ######..##
#.......# #### ##.....##
##....# ##..## ...


There were no monsters in sight!

Vanquished Creatures
  A hydra (D:11)
  A tengu warrior (D:9)
  3 two-headed ogres
  2 unseen horrors
  2 ugly things (D:11)
  A deep elf mage (D:11)
  A cyclops (D:10)
  A spiny frog (Lair:1)
  An ice statue (IceCv)
  A komodo dragon (D:11)
  A merfolk (D:9)
  A meliai (D:9)
  3 trolls
  Prince Ribbit (D:7)
  3 hippogriffs
  2 wyverns
  12 yaks
  Eustachio (D:5)
  A basilisk (D:9)
  A hungry ghost (D:11)
  Menkaure (D:7)
  2 water moccasins
  An acid dragon (D:9)
  3 porcupines (D:9)
  4 ice beasts
  8 orc warriors (D:9)
  2 sky beasts
  8 ogres
  2 black bears
  5 centaurs
  4 crocodiles (D:9)
  5 phantoms
  3 big kobolds
  7 bullfrogs
  A wyvern zombie (D:9)
  A wyvern skeleton (D:6)
  A water moccasin zombie (D:9)
  6 scorpions
  3 wights (D:10)
  17 killer bees
  3 howler monkeys
  4 crimson imps
  3 bullfrog zombies
  5 centaur zombies
  A quasit (D:8)
  8 orc priests
  3 centaur skeletons (D:11)
  5 hounds
  A human zombie (Ossuary)
  2 jellies
  A bullfrog skeleton (D:6)
  19 orc wizards
  8 iguanas
  10 worker ants
  2 big kobold zombies (Ossuary)
  3 hound skeletons
  2 mummies (Ossuary)
  A howler monkey zombie (D:10)
  4 gnolls (D:4)
  9 adders
  2 shadow imps
  3 white imps (IceCv)
  6 ufetubi (IceCv)
  2 oozes (D:2)
  3 adder zombies
  4 dart slugs
  5 leopard geckos
  44 orcs
  9 bats
  10 giant cockroaches
  7 hobgoblins
  10 jackals
  5 quokkas
  6 ball pythons
  3 frilled lizards
  9 goblins
  2 goblin zombies (Ossuary)
  4 hobgoblin zombies (Ossuary)
  A jackal skeleton (D:4)
  17 kobolds
  10 kobold zombies (Ossuary)
  A leopard gecko zombie (D:7)
  13 orc zombies (Ossuary)
  A quokka zombie (D:9)
  12 rats
  3 rat zombies
  A plant (D:4)
411 creatures vanquished.

Vanquished Creatures (others)
  A howler monkey (D:8)
  2 white imps (IceCv)
  2 ufetubi (IceCv)
  5 bushes (D:9)
  2 fungi (D:9)
  14 plants (D:9)
26 creatures vanquished.

Grand Total: 437 creatures vanquished

Notes
Turn   | Place    | Note
-------+----------+-------------------------------------------
     0 | D:1      | Dfrag the Gargoyle Conjurer began the quest for the Orb.
     0 | D:1      | Reached XP level 1. HP: 10/10 MP: 3/3
   135 | D:1      | Reached XP level 2. HP: 15/15 MP: 0/5
   527 | D:1      | Reached XP level 3. HP: 9/19 MP: 0/7
   666 | D:1      | Learned a level 2 spell: Searing Ray
  1425 | D:2      | Reached XP level 4. HP: 9/24 MP: 0/9
  2181 | D:3      | Reached skill level 5 in Conjurations
  2404 | D:3      | Found a sacrificial altar of Ru.
  2404 | D:3      | Found a faded altar of an unknown god.
  2412 | D:3      | Found a glowing silver altar of Zin.
  2414 | D:3      | Found a faded altar of an unknown god.
  2415 | D:3      | Found a blossoming altar of Fedhas.
  2631 | D:3      | Reached XP level 5. HP: 24/28 MP: 2/11
  3332 | D:4      | Noticed an ogre
  3601 | D:4      | Reached XP level 6. HP: 30/32 MP: 5/13
  3736 | D:4      | Reached skill level 5 in Spellcasting
  3903 | D:4      | Reached skill level 6 in Conjurations
  4070 | D:4      | Reached XP level 7. HP: 36/36 MP: 5/15
  4610 | D:5      | Entered Level 5 of the Dungeon
  4715 | D:5      | Reached skill level 7 in Conjurations
  4868 | D:5      | Reached XP level 8. HP: 36/41 MP: 10/18
  5137 | D:5      | Noticed Eustachio
  5328 | D:5      | Killed Eustachio
  5462 | D:6      | Found a sand-covered staircase.
  5489 | Ossuary  | Entered an ossuary
  6101 | D:6      | Found a hide-covered altar of Uskayaw.
  6123 | D:6      | Reached skill level 8 in Conjurations
  6137 | D:6      | Found a staircase to the Ecumenical Temple.
  6144 | Temple   | Entered the Ecumenical Temple
  6190 | Temple   | Became a worshipper of Vehumet
  6479 | D:6      | Learned a level 5 spell: Iskenderun's Battlesphere
  6651 | D:7      | Noticed a hippogriff
  6660 | D:7      | Killed a hippogriff
  6660 | D:7      | Reached XP level 9. HP: 36/45 MP: 11/21
  7099 | D:7      | Noticed Prince Ribbit
  7113 | D:7      | Killed Prince Ribbit
  7113 | D:7      | Reached skill level 9 in Conjurations
  7488 | D:7      | Reached * piety under Vehumet
  7488 | D:7      | Offered knowledge of Freeze by Vehumet.
  7614 | D:7      | Noticed Menkaure
  7621 | D:7      | Killed Menkaure
  7621 | D:7      | Reached skill level 10 in Spellcasting
  8059 | D:8      | Noticed a troll
  8064 | D:8      | Killed a troll
  8064 | D:8      | Reached XP level 10. HP: 50/50 MP: 10/24
  8273 | D:8      | Reached skill level 10 in Conjurations
  8447 | D:8      | Reached ** piety under Vehumet
  8447 | D:8      | Offered knowledge of Throw Frost by Vehumet.
  8930 | D:8      | Found an iron altar of Okawaru.
  8967 | D:8      | Learned a level 3 spell: Mephitic Cloud
  8972 | D:8      | Learned a level 4 spell: Sticky Flame
  8978 | D:8      | Learned a level 5 spell: Fireball
  9050 | D:9      | Noticed a tengu warrior
  9084 | D:9      | Noticed an unseen horror
  9093 | D:8      | Killed an unseen horror
  9217 | D:9      | Found a bloodstained altar of Trog.
  9224 | D:9      | Noticed a two-headed ogre
  9302 | D:9      | Found a blossoming altar of Fedhas.
  9357 | D:9      | Killed a two-headed ogre
  9364 | D:9      | Offered knowledge of Static Discharge by Vehumet.
  9526 | D:9      | Reached skill level 11 in Conjurations
  9590 | D:9      | Reached XP level 11. HP: 54/54 MP: 13/27
  9873 | D:9      | Reached *** piety under Vehumet
  9914 | D:9      | Gained mutation: Scrolls take you a little longer to read. [mutagenic meat]
  9915 | D:9      | Gained mutation: You have large cloven feet. [mutagenic meat]
 10000 | D:9      | Reached skill level 5 in Stealth
 10184 | D:9      | Offered knowledge of Olgreb's Toxic Radiance by Vehumet.
 10661 | D:9      | Reached **** piety under Vehumet
 10820 | D:9      | Noticed a two-headed ogre
 10824 | D:9      | Killed a two-headed ogre
 10824 | D:9      | Offered knowledge of Force Lance by Vehumet.
 10824 | D:9      | Reached skill level 12 in Conjurations
 11095 | D:9      | Found a staircase to the Orcish Mines.
 11146 | D:9      | Found a staircase to the Lair.
 11295 | D:9      | Killed a tengu warrior
 11334 | D:10     | Entered Level 10 of the Dungeon
 11464 | D:10     | Noticed a two-headed ogre
 11466 | D:10     | Killed a two-headed ogre
 11466 | D:10     | Reached skill level 13 in Conjurations
 11479 | D:10     | Reached XP level 12. HP: 59/59 MP: 9/28
 11524 | D:10     | Reached ***** piety under Vehumet
 11524 | D:10     | Offered knowledge of Airstrike by Vehumet.
 11763 | D:10     | Learned a level 2 spell: Blink
 12254 | D:11     | Reached skill level 10 in Stealth
 12266 | D:11     | Gained mutation: Armour fits poorly on your strangely shaped body. [mutagenic meat]
 12267 | D:11     | Gained mutation: Your spells are a little harder to cast, but a little more powerful. [mutagenic meat]
 12268 | D:11     | Gained mutation: You have a pair of small horns on your head. [mutagenic meat]
 12269 | D:11     | Gained mutation: Your mind is acute. (Int +2) [mutagenic meat]
 12329 | D:11     | Noticed a five-headed hydra
 12337 | D:11     | Killed a five-headed hydra
 12590 | D:11     | Reached skill level 14 in Conjurations
 12642 | D:11     | Gained mutation: You have a pair of horns on your head. [mutagenic meat]
 12644 | D:11     | Gained mutation: You are partially covered in large bone plates. (SH +4) [mutagenic meat]
 12755 | D:11     | Gained mutation: You possess an exceptional clarity of mind. [mutagenic meat]
 13290 | Lair:1   | Entered Level 1 of the Lair of Beasts
 13408 | Lair:1   | Found a frozen archway.
 13436 | IceCv    | Entered an ice cave
 13639 | IceCv    | Engulfed by a cloud of freezing vapour

Vault maps used:
D:1:      tarquinn_simple_flora_water_c
D:3:      chequers_temple_overflow_minitemple, first_bread
D:4:      lexackson_kobold_supper
D:5:      uniq_eustachio
D:6:      kennysheep_little_box, minmay_temple_entry_junction, enter_ossuary_3
D:7:      uniq_prince_ribbit1, uniq_menkaure
D:8:      overflow_temple_1_default
D:9:      hangedman_cross_cluster, minmay_lair_entry_grove, david_orc_4,
          basic_altar, hangedman_fish_farm, bloody_trog
D:11:     kennysheep_blocky_hall
D:12:     minivault_25_ag
Temple:   compressed_dpeg_circular_temple
Lair:1:   special_room, portal_ice_cave_entry_pillars_1, minivault_25,
          hangedman_lair_unloving_vines
Ossuary:  ossuary_tomb_1
IceCv:    ice_cave_small_demon

Skill      XL: |  1  2  3  4  5  6  7  8  9 10 11 12 |
---------------+-------------------------------------+-----
Spellcasting   | 3 4 5 6 8 10 12 | 12.0
Conjurations   | 5 6 7 8 9 11 13 14 | 14.3
Stealth        | 3 8 11 | 11.3
Dodging        | |  1.5

Action                   |  1- 3 |  4- 6 |  7- 9 | 10-12 || total
-------------------------+-------+-------+-------+-------++-------
Melee: Unarmed           |    62 |     1 |       |       ||    63
       Flail             |       |    43 |       |       ||    43
       Dagger            |       |     1 |   204 |       ||   205
       Staff             |       |       |     3 |   150 ||   153
       Headbutt          |       |       |       |     1 ||     1
 Cast: Magic Dart        |    76 |    64 |    61 |   125 ||   326
       Searing Ray       |     1 |    18 |    72 |    91 ||   182
       Sticky Flame      |       |       |       |    46 ||    46
       Iskenderun's Batt |       |       |       |     5 ||     5
       Fireball          |       |       |       |    54 ||    54
       Mephitic Cloud    |       |       |       |     2 ||     2
  Use: Scroll            |       |       |       |    10 ||    10
 Stab: Sleeping          |       |     1 |       |     1 ||     2
  Eat: Chunk             |     2 |     8 |    13 |    34 ||    57
       Royal jelly       |       |       |       |     1 ||     1
       Fruit             |       |       |       |     1 ||     1
Armor: Robe              |    29 |    37 |    27 |       ||    93
       Leather armour    |       |       |   131 |   227 ||   358
Dodge: Dodged            |    60 |    93 |   245 |   257 ||   655
Block: Other             |       |       |       |     8 ||     8
